 Dungeon Crawl Stone Soup version 0.30.1 (webtiles) character file.

Game seed: 7574427033844227001

468 Djon the Cleaver (level 7, -2/62 HPs)
             Began as a Hill Orc Monk on July 9, 2023.
             Slain by Pikel
             ... wielding a +2 whip of electrocution
              (19 damage)
             ... on level 4 of the Dungeon.
             The game lasted 00:05:33 (3489 turns).

Djon the Cleaver (Hill Orc Monk)                    Turns: 3489, Time: 00:05:33

Health: -2/62      AC: 16    Str: 16    XL:     7   Next: 8%
Magic:  7/7        EV: 13    Int: 10    God:
Gold:   175        SH:  0    Dex: 13    Spells: 6/6 levels left

rFire   . . .        a - +0 hand axe
rCold   . . .        d - orb {light}
rNeg    . . .        p - +0 chain mail
rPois   .            (no helmet)
rElec   .            (no cloak)
rCorr   .            h - +2 pair of gloves
SInv    .            (no boots)
Will    .....        (no amulet) Stlth
                     n - +5 ring of evasion
HPRegen 0.30/turn    r - +4 ring of protection
MPRegen 0.10/turn

%: no passive effects
@: confused, ambrosia-drunk, glowing
A: no striking features
a: no special abilities


You were on level 4 of the Dungeon.
You visited 1 branch of the dungeon, and saw 6 of its levels.

You collected 175 gold pieces.

Inventory:

Hand Weapons
 a - a +0 hand axe (weapon)
 g - a +0 sling
 q - a +2 whip of holy wrath
Armour
 d - an orb of light (worn)
 h - a +2 pair of gloves (worn)
 p - a +0 chain mail (worn)
Jewellery
 n - a +5 ring of evasion (left hand)
 r - a +4 ring of protection (right hand)
 z - an amulet of faith
Wands
 w - a wand of flame (15)
 y - a wand of light (13)
Scrolls
 i - 4 scrolls of noise {unknown}
 l - 12 scrolls of identify {unknown}
 o - 6 scrolls of teleportation {unknown}
 s - a scroll of immolation {unknown}
 t - a scroll of magic mapping {unknown}
 x - a scroll of fear {unknown}
 A - a scroll of poison {unknown}
 B - a scroll of blinking {unknown}
Potions
 b - 2 potions of attraction {unknown}
 e - 2 potions of heal wounds {unknown}
 f - 3 potions of degeneration {unknown}
 j - a potion of invisibility {unknown}
 k - 5 potions of curing {unknown}
 m - a potion of lignification {unknown}
 u - 2 potions of might {unknown}
 v - a potion of mutation {unknown}


   Skills:
 + Level 5.7 Fighting
 * Level 8.0 Axes
 + Level 3.1 Armour
 - Level 2.4 Dodging


You had 6 spell levels left.
You didn't know any spells.
Your spell library contained the following spells:

 Spells                   Type           Power      Damage    Failure   Level
 Beastly Appendage        Tmut           0%         N/A       99%         1
 Foxfire                  Conj/Fire      0%         2x1d4     99%         1
 Wereblood                Tmut           0%         N/A       100%        2
 Dazzling Flash           Conj/Hex       0%         N/A       100%        3
 Spider Form              Tmut/Pois      0%         N/A       100%        3
 Agony                    Necr           0%         N/A       100%        5
 Fireball                 Conj/Fire      0%         3d3       100%        5
 Silence                  Hex/Air        0%         N/A       100%        5
 Plasma Beam              Fire/Air       0%         2x1d11    100%        6
 Starburst                Conj/Fire      0%         6d3       100%        6


Dungeon Overview and Level Annotations

Branches:
Dungeon (6/15)             Temple (0/1) D:4

Altars:
Cheibriados
Gozag
Yredelemnul

Annotations:
D:4 Pikel


Message History

Press: ? - help, v - describe, . - travel, g - get item
Here: Pikel, wielding a +2 whip of electrocution and wearing a +0 robe (lightly wounded, haloed)
Items here: a +0 club; a +0 chain mail.
The floor.
Okay, then.
You are confused.
You feel invigorated. Pikel barely misses you.
You bump into the rock wall.
Pikel misses you.
You feel less invigorated.
You feel less confused.
You hit Pikel but do no damage.
Pikel is lightly wounded.
Pikel barely misses you.
You closely miss Pikel.
Pikel is lightly wounded.
Pikel hits you but does no damage.
You hit Pikel.
Pikel is moderately wounded.
Pikel hits you but does no damage.
You hit Pikel.
Pikel is moderately wounded.
Pikel barely misses you.
You hit Pikel but do no damage.
Pikel is moderately wounded.
You hit Pikel.
Pikel is moderately wounded.
Pikel hits you but does no damage.
You are electrocuted!!
* * * LOW HITPOINT WARNING * * *
You hit Pikel.
Pikel is moderately wounded.
Pikel barely misses you.
You hit Pikel.
Pikel is heavily wounded.
Pikel hits you with a +2 whip of electrocution.
* * * LOW HITPOINT WARNING * * *
You are confused.
You feel invigorated. Pikel misses you.
You bump into the rock wall.
Pikel hits you but does no damage.
You are electrocuted!!
You die...

#>.5K.55.
............#.###
.....######
#...##.......... .....#
#.#†##.....#.### .....[
###########.#........#.##.
#...##.
....................#.##.
#...##.#
#...#####.#+#......#.##.
........
+...+..........#####.##
..>.....##...#####.......#
#.# #
......##..5S5K@......#.#
.# ##.......#####†....#..
##.......# #.....##.#
..[......### #........
#........# #....###.
#.#....... #.#.## #
#######.# #.#.# .# ..#.#
##


You could see Pikel, 2 lemures and an adder.

Vanquished Creatures
  A black bear (D:4)
  A lemure (D:5)
  A hound (D:4)
  3 iguanas
  2 sleepcaps
  3 gnolls (D:3)
  9 adders
  A white imp (D:5)
  2 ufetubi
  2 dart slugs
  9 orcs
  8 endoplasms
  2 giant cockroaches
  7 hobgoblins
  8 kobolds
  4 quokkas
  6 ball pythons
  5 bats (D:1)
  A frilled lizard (D:1)
  3 goblins
  4 rats
82 creatures vanquished.

Notes
Turn   | Place    | Note
-------+----------+-------------------------------------------
     0 | D:1      | Djon the Hill Orc Monk began the quest for the Orb.
     0 | D:1      | Reached XP level 1. HP: 19/19 MP: 1/1
   298 | D:1      | Reached XP level 2. HP: 25/27 MP: 2/2
   704 | D:1      | Reached skill level 5 in Axes
   751 | D:1      | Reached XP level 3. HP: 33/33 MP: 3/3
  1096 | D:2      | Found a snail-covered altar of Cheibriados.
  1108 | D:2      | Reached XP level 4. HP: 41/41 MP: 4/4
  1340 | D:2      | Reached skill level 1 in Armour
  1608 | D:3      | Reached skill level 6 in Axes
  1902 | D:3      | You fall into a shaft and drop 3 floors!
  1927 | D:5      | Entered Level 5 of the Dungeon
  1943 | D:5      | Reached XP level 5. HP: 38/47 MP: 5/5
  2004 | D:4      | Noticed Pikel
  2004 | D:4      | Noticed a lemure
  2004 | D:4      | Noticed a lemure
  2004 | D:4      | Noticed a lemure
  2004 | D:4      | Noticed a lemure
  2004 | D:4      | Found a staircase to the Ecumenical Temple.
  2020 | D:5      | Killed a lemure
  2096 | D:5      | Found a basalt altar of Yredelemnul.
  2384 | D:5      | Reached skill level 5 in Fighting
  2556 | D:3      | Reached skill level 7 in Axes
  2556 | D:3      | Reached XP level 6. HP: 56/56 MP: 6/6
  3191 | D:4      | Noticed a black bear
  3204 | D:4      | Killed a black bear
  3271 | D:4      | Found an opulent altar of Gozag.
  3376 | D:4      | Reached XP level 7. HP: 59/61 MP: 7/7
  3406 | D:4      | Reached skill level 8 in Axes
  3489 | D:4      | Slain by Pikel

Illustrated notes

Levels and vault maps discovered:
D:1:      dpeg_arrival_arbitrary_b, layout_basic
D:2:      layout_basic, basic_altar
D:3:      layout_loops_corners, minmay_tree_intersection, serial_bayou_lake_a
D:4:      layout_basic, grunt_temple_overflow_octagram,
          minmay_temple_entry_stoned_glass, minmay_ruined_shrine, uniq_pikel
D:5:      layout_gridville, mainiacjoe_overflow_tiny_flanked,
          mainiacjoe_overflow_24_doors, nicolae_figureground_pulse,
          uniq_blork_the_orc
D:6:      layout_loops_ring, minmay_misc_feat_roman, uniq_menkaure

Skill      XL: |  1  2  3  4  5  6  7 |
---------------+----------------------+-----
Fighting       | 4 5 |  5.7
Axes           | 5 6 7 8 |  8.0
Armour         | 1 2 3 |  3.1
Dodging        | |  2.4

Action                     |  1- 3 |  4- 6 |  7- 9 || total
---------------------------+-------+-------+-------++-------
  Melee: Hand axe          |    97 |   231 |    42 ||   370
    Use: Potion            |       |       |     2 ||     2
 Armour: Robe              |     6 |       |       ||     6
         Scale mail        |    36 |       |       ||    36
         Chain mail        |     7 |    99 |    15 ||   121
  Dodge: Dodged            |    72 |   138 |    24 ||   234
